Map: Ley Lines

Players

Vaisravana - Winner!

  • Race: Protoss Protoss
  • Spawn Location: 1:00

A.I. 1 (Very Easy)

  • Race: Protoss Protoss
  • Spawn Location: 7:00

VOD

Have the link to the VOD?

Description

Time

  • Played on: Aug. 14, 2025, 8:43 p.m.
  • Length: 7:02
Show
View Real Time Build Order
Export as new Build Order

Vaisravana Protoss - Winner!

Build Orders: Zealot Archon, Dark Templar Rush 

Get SALT Encoding   

  12  0:00  Probe  
  13  0:12  Probe  
  14  0:17  Pylon  
  14  0:24  Probe  
  15  0:32  Probe  
  15  0:38  Gateway  
  15  0:40  Probe  
  16  0:47  Assimilator  
  17  0:51  Probe  
  17  0:56  Assimilator  
  18  0:59  Probe  
  19  1:07  Probe  
  19  1:14  Gateway  
  19  1:17  Probe  
  20  1:25  Cybernetics Core  
  21  1:29  Probe  
  22  1:37  Pylon  
  22  1:41  Probe  
  23  1:55  Probe  
  24  2:02  Twilight Council  
  24  2:03  Adept  
  24  2:04  Adept  
  24  2:08  Warp Gate  
  28  2:14  Pylon  
  28  2:33  Adept  
  28  2:34  Adept  
  28  2:35  Shield Battery  
  32  2:45  Dark Shrine  
  32  3:01  Stalker  
  32  3:03  Stalker  
  34  3:05  Pylon  
  36  3:39  Nexus  
  36  3:50  Charge  
  36  3:57  Dark Templar x2  
  36  4:01  Probe  
  41  4:03  Pylon  
  41  4:15  Probe  
  42  4:19  Pylon  
  42  4:35  Probe  
  43  4:45  Gateway  
  43  4:46  Gateway  
  43  4:48  Probe  
  43  4:51  Probe  
  45  5:00  Probe  
  45  5:03  Probe  
  47  5:12  Gateway, Probe  
  48  5:15  Probe  
  48  5:16  Gateway  
  49  5:26  Dark Templar  
  51  5:28  Dark Templar  
  51  5:32  Archon  
  53  5:40  Pylon  
  55  5:48  Dark Templar  
  55  5:49  Dark Templar  
  57  5:52  Archon  
  57  6:10  Zealot x4  
  65  6:19  Pylon  
  65  6:24  Zealot x2  
  69  6:42  Zealot x3  
  69  6:43  Zealot  
  69  6:44  Zealot  
  69  6:45  Zealot  
Show
View Real Time Build Order
Export as new Build Order

A.I. 1 (Very Easy) Protoss 

Build Orders:  

Get SALT Encoding   

  12  0:00  Probe  
  13  0:13  Probe  
  14  0:19  Pylon  
  14  0:36  Assimilator  
  14  0:43  Gateway  
  14  0:46  Pylon  
  14  1:13  Assimilator  
  14  1:21  Probe  
  14  1:23  Zealot  
  15  1:30  Probe  
  17  1:33  Cybernetics Core  
  18  1:40  Probe  
  19  1:52  Probe  
  20  1:59  Warp Gate  
  20  2:01  Probe  
  21  2:09  Probe  
  22  2:42  Stalker  
  24  4:22  Probe  
  23  4:30  Probe  
  21  4:35  Stalker  
  22  4:38  Probe  
  22  4:43  Pylon  
  21  4:50  Probe  
  17  5:03  Probe, Stalker  
  10  5:15  Probe  
  8  5:27  Probe  
  9  5:32  Zealot  
  7  5:39  Probe  
  1  5:51  Probe  
  1  6:00  Stalker  
  1  6:03  Probe  
  2  6:13  Probe  
  1  6:21  Probe  
  2  6:29  Zealot, Probe  
  3  6:42  Probe  
  3  6:58  Stalker  
Tags
 
Composition
Zealot Archon
Matchup
PvP
Spawn Locations
Cross Positions
Add a new tag
Caveats
  • Supply blocks, unpowered buildings, or Contaminate may cause inaccurate times.
  • Supply counts are checked every 10 seconds.